 Dungeon Crawl Stone Soup version 0.19.0-2-gae57169 (webtiles) character file.

608 Gruud the Slasher (level 7, -1/50 HPs)
             Began as a Demonspawn Gladiator on Nov 5, 2016.
             Killed by divine providence
             ... invoked by an orc priest
              (12 damage)
             ... on level 5 of the Dungeon.
             The game lasted 00:08:12 (3461 turns).

Gruud the Slasher (Demonspawn Gladiator)            Turns: 3461, Time: 00:08:13

Health: -1/50      AC: 15    Str: 16    XL:     7   Next: 19%
Magic:  0/7        EV: 10    Int:  9    God:
Gold:   247        SH:  0    Dex: 15    Spells: 2 memorised, 4 levels left

rFire  . . .     SeeInvis .     a - +1 long sword
rCold  . . .     Gourm    .     c - +0 chain mail
rNeg   . . .     Faith    .     (no shield)
rPois  .         Spirit   +     (helmet restricted)
rElec  .         Reflect  .     (no cloak)
rCorr  .         Harm     .     (no gloves)
MR     .....                    (no boots)
Stlth  ..........               (no amulet)
                                w - +3 ring of protection
                                q - +2 ring of evasion

@: no status effects
A: horns 1, icy blue scales 2, magic shield
a: no special abilities


You were on level 5 of the Dungeon.
You were not hungry.

You visited 1 branch of the dungeon, and saw 5 of its levels.

You collected 247 gold pieces.

Inventory:

Hand Weapons
 a - a +1 long sword (weapon)
Missiles
 d - 2 throwing nets (quivered)
 A - 17 poisoned needles
Armour
 b - a +0 leather armour
 c - a +0 chain mail (worn)
 x - a +0 large shield
Jewellery
 q - a +2 ring of evasion (left hand)
 w - a +3 ring of protection (right hand)
Wands
 n - a wand of iceblast (6/15)
 y - a wand of random effects (35/48)
Scrolls
 j - 2 scrolls of remove curse
 k - a scroll of enchant weapon
 l - a scroll of random uselessness {unknown}
 m - a scroll of fog
 o - 2 scrolls of teleportation
 r - a scroll of immolation
 s - a scroll of enchant armour {unknown}
 u - a scroll of blinking {unknown}
Potions
 e - a potion of agility
 g - a potion of cure mutation
 h - a potion of mutation {unknown}
 i - 3 potions of lignification {unknown}
 p - a potion of resistance {unknown}
 v - a potion of curing
 B - a potion of might {unknown}
Comestibles
 f - 3 bread rations
 t - 3 beef jerkies
 z - 3 meat rations
 C - 4 chunks of flesh
 D - 2 royal jellies
 E - 5 fruits


   Skills:
 - Level 2.0 Fighting
 * Level 5.9 Long Blades
 - Level 1.7 Throwing
 + Level 3.0 Armour
 + Level 4.3 Dodging


You had 4 spell levels left.
You knew the following spells:

 Your Spells              Type           Power        Failure   Level  Hunger
a - Animate Skeleton      Necr           N/A          100%        1    ##.....
b - Apportation           Tloc           #.........   100%        1    ##.....


Dungeon Overview and Level Annotations

Branches:
Dungeon (5/15)
 Temple: D:4-7

Altars:
Qazlal


Innate Abilities, Weirdness & Mutations

You have a pair of small horns on your head.
You are mostly covered in icy blue scales. (AC +3)
When hurt, damage is shared between your health and your magic reserves.


Message History

You see here a dagger.
You slash the orc priest!
The orc priest is heavily wounded.
The orc priest hits you but does no damage.
You hit the orc priest but do no damage.
The orc priest is heavily wounded.
The orc priest mumbles some strange prayers to Beogh against you.
Pain shoots through your body!
The orc priest calls down the wrath of Beogh upon you.
Beogh smites you!
* * * LOW HITPOINT WARNING * * *
You feel better. The orc priest barely misses you.
The orc priest hits you with a flail.
* * * LOW HITPOINT WARNING * * *
You closely miss the orc priest.
The orc priest is heavily wounded.
The orc priest closely misses you.
The orc priest calls down the wrath of Beogh upon you.
Beogh smites you!
You die...

##.# #.# #.# ##.## #.#
#.# ##..# #.# #.#
###.#####.######.###.###
........................
###.###.#.####.#.#######
# #.# #.# #.#.# ###.. #
#.# ...... #@# .......
.....ooo# ......#.
..Z##.### #####.... #. #
# # # . ..


You could see 2 orc priests, an orc and an adder zombie (wandering).

Vanquished Creatures
  A black bear (D:4)
  2 phantoms
  2 crimson imps (D:5)
  2 hounds
  A bullfrog skeleton (D:5)
  An orc wizard (D:5)
  A worker ant (D:5)
  2 adders (D:3)
  An ooze (D:2)
  An adder skeleton (D:5)
  2 worms
  A dart slug (D:1)
  3 leopard geckos
  20 orcs
  5 giant cockroaches
  5 goblins
  4 hobgoblins
  A quokka (D:2)
  4 ball pythons
  8 bats
  5 frilled lizards
  4 kobolds
  5 rats
81 creatures vanquished.

Vanquished Creatures (others)
  An adder (D:4)
1 creature vanquished.

Grand Total: 82 creatures vanquished

Notes
Turn   | Place    | Note
-------+----------+-------------------------------------------
     0 | D:1      | Gruud the Demonspawn Gladiator began the quest for the Orb.
     0 | D:1      | Reached XP level 1. HP: 16/16 MP: 1/1
    13 | D:1      | Noticed an electric eel
   175 | D:1      | Reached skill level 3 in Long Blades
   229 | D:1      | Gained mutation: You have a pair of small horns on your head. [demonic ancestry]
   229 | D:1      | Reached XP level 2. HP: 20/22 MP: 2/2
   730 | D:1      | Gained mutation: When hurt, damage is shared between your health and your magic reserves. [demonic ancestry]
   730 | D:1      | Reached XP level 3. HP: 24/27 MP: 3/3
  1137 | D:2      | Reached skill level 1 in Armour
  2044 | D:3      | Gained mutation: You are partially covered in icy blue scales. (AC +2) [demonic ancestry]
  2044 | D:3      | Reached XP level 4. HP: 24/33 MP: 4/4
  2183 | D:3      | Reached skill level 4 in Long Blades
  2603 | D:4      | Found a stormy altar of Qazlal.
  2678 | D:4      | Noticed a phantom
  2715 | D:4      | Killed a phantom
  2715 | D:4      | Gained mutation: You are mostly covered in icy blue scales. (AC +3) [demonic ancestry]
  2715 | D:4      | Reached XP level 5. HP: 38/38 MP: 5/5
  3006 | D:4      | Learned a level 1 spell: Animate Skeleton
  3008 | D:4      | Learned a level 1 spell: Apportation
  3057 | D:4      | Noticed a black bear
  3074 | D:4      | Killed a black bear
  3074 | D:4      | Reached skill level 5 in Long Blades
  3074 | D:4      | Reached XP level 6. HP: 44/44 MP: 6/6
  3179 | D:5      | Entered Level 5 of the Dungeon
  3355 | D:5      | Reached XP level 7. HP: 50/50 MP: 7/7
  3461 | D:5      | Killed from afar by an orc priest

Skill      XL: |  1  2  3  4  5  6  7 |
---------------+----------------------+-----
Long Blades    | 3 4 5 |  5.9
Dodging        | 3 4 |  4.3
Armour         | 1 2 3 |  3.0
Fighting       | |  2.0
Throwing       | |  1.7

Action                   |  1- 3 |  4- 6 |  7- 9 || total
-------------------------+-------+-------+-------++-------
Melee: Long sword        |   125 |   146 |    29 ||   300
       Headbutt          |    18 |    26 |     5 ||    49
Throw: Throwing net      |       |     1 |       ||     1
  Use: Scroll            |     3 |     7 |       ||    10
       Potion            |       |       |     1 ||     1
  Eat: Chunk             |     4 |     4 |     1 ||     9
Armor: Leather armour    |    20 |       |       ||    20
       Chain mail        |    42 |    81 |    14 ||   137
Dodge: Dodged            |    85 |    66 |    11 ||   162
       Rpst.: Long sword |    21 |    24 |     2 ||    47
